 Dungeon Crawl Stone Soup version 0.31.0-9-g3a7656b989 (webtiles) character file.

Game seed: 13057508473375142833

98 qw the Shooter (level 4, -2/22 HPs)
             Began as a Spriggan Hunter on Feb 2, 2024.
             Slain by an orc priest
             ... wielding a +0 whip
              (6 damage)
             ... on level 3 of the Dungeon.
             The game lasted 00:00:04 (948 turns).

qw the Shooter (Spriggan Hunter)                     Turns: 948, Time: 00:00:05

Health: -2/22      AC:  3    Str:  7    XL:     4   Next: 43%
Magic:  5/5        EV: 20    Int: 10    God:
Gold:   62         SH:  0    Dex: 20    Spells: 3/3 levels left

rFire   . . .        a - +2 shortbow
rCold   . . .        (shield currently unavailable)
rNeg    . . .        c - +0 robe
rPois   .            d - +1 hat
rElec   .            (no cloak)
rCorr   .            (gloves unavailable)
SInv    +            (boots unavailable)
Will    .....        (no amulet)
Stlth   ++           (no ring)
HPRegen 0.23/turn    (no ring)
MPRegen 0.09/turn

%: no passive effects
@: very quick
A: very small, no large weapons, unfitting armour, see invisible, speed 3
a: no special abilities


You were on level 3 of the Dungeon.
You visited 1 branch of the dungeon, and saw 3 of its levels.

You collected 62 gold pieces.


Innate Abilities, Weirdness & Mutations

You are very small and have problems with some larger weapons.
You are too small for most types of armour.
You have supernaturally acute eyesight. (SInv)
You cover ground extremely quickly. (Speed+++)


   Skills:
 - Level 1.5 Fighting
 - Level 5.0 Ranged Weapons
 + Level 4.8 Dodging
 - Level 1.5 Stealth


You had 3 spell levels left.
You didn't know any spells.
Your spell library was empty.

Inventory:

Hand Weapons
 a - a +2 shortbow (weapon)
Armour
 c - a +0 robe (worn)
 d - a +1 hat (worn)
Jewellery
 j - an amulet of reflection
Scrolls
 b - a scroll of blinking {unknown}
 i - 2 scrolls of identify {unknown}
Potions
 e - a potion of curing {unknown}
 f - a potion of lignification {unknown}
 g - 2 potions of haste {unknown}
 h - a potion of might {unknown}

Dungeon Overview and Level Annotations

Branches:
Dungeon (3/15)

Altars:

Shops:
D:2 (


Message History

You shoot an arrow. The arrow barely misses the orc.
The orc barely misses you. The orc misses you.
You shoot an arrow. The arrow barely misses the orc.
The arrow closely misses the quokka.
The orc misses you.
You shoot an arrow.
The arrow hits the orc but does no damage.
The orc misses you. The orc closely misses you.
You shoot an arrow. The arrow hits the orc.
The orc is moderately wounded.
The orc closely misses you. The orc misses you.
You shoot an arrow. The arrow hits the orc!
You kill the orc!
The orc hits you but does no damage. The quokka barely misses you.
You shoot an arrow. The arrow hits the quokka.
The quokka is severely wounded.
The orc priest calls down the wrath of Beogh upon you.
Beogh smites you! The orc barely misses you. The quokka closely misses you.
You shoot an arrow. The arrow barely misses the quokka.
The arrow hits the orc priest.
The orc priest is lightly wounded.
The quokka misses you. The orc completely misses you.
You shoot an arrow. The arrow hits the quokka!
You kill the quokka!
The orc completely misses you.
You shoot an arrow. The arrow hits the orc priest.
The orc priest is heavily wounded.
The orc priest invokes the aid of Beogh against you.
Beogh smites you! The orc priest barely misses you. The orc misses you.
The orc priest hits you with a +0 whip. The orc closely misses you.
The orc priest completely misses you.
You shoot an arrow.
The arrow closely misses the orc priest.
The orc priest calls upon Beogh to heal the orc priest.
The orc priest is healed somewhat.
The orc priest barely misses you. The orc misses you.
You shoot an arrow. The arrow hits the orc priest.
The orc priest is heavily wounded.
The orc priest closely misses you. The orc priest hits you with a +0 whip.
You die...

### #.....##########
).#### ##...............
#....###................
####....................
####.......##..........
#..........##......)...
...##.......####.#######
.# #........####.#####
............##.o@....#
...............#o##.##
....#######.##$o.. #
.... ...##.#.## ..#
....... #( #. ... #. ...
. .....


You could see 2 orc priests and an orc.

Vanquished Creatures
  Jessica (D:2)
  Natasha (D:3)
  An adder (D:3)
  2 ribbon worms (D:2)
  An orc (D:3)
  2 ball pythons
  An endoplasm (D:1)
  A giant cockroach (D:2)
  2 goblins (D:3)
  4 hobgoblins
  4 jackals (D:2)
  3 kobolds
  A quokka (D:3)
  A bat (D:2)
  4 frilled lizards
  3 rats
32 creatures vanquished.

Notes
Turn   | Place    | Note
-------+----------+-------------------------------------------
     0 | D:1      | qw the Spriggan Hunter began the quest for the Orb.
     0 | D:1      | Reached XP level 1. HP: 10/10 MP: 2/2
     0 | D:1      | 0 ||| qw: Version: 0.3-a-155-g5e7d8dd
     0 | D:1      | 0 ||| qw: Game counter: 532
     0 | D:1      | 0 ||| qw: Melee chars always use a shield: true
     0 | D:1      | 0 ||| qw: God list: Okawaru
     0 | D:1      | 0 ||| qw: Allow faded altars: false
     0 | D:1      | 0 ||| qw: Do Orc after clearing Dungeon:15 true
     0 | D:1      | 0 ||| qw: Do second Lair branch before Depths: true
     0 | D:1      | 0 ||| qw: Lair rune preference: random
     0 | D:1      | 0 ||| qw: Goals: Normal
     0 | D:1      | 0 ||| PLANNING D:1-11
    34 | D:1      | Reached skill level 3 in Dodging
   190 | D:1      | Found a faded altar of an unknown god.
   410 | D:1      | 410 ||| READING 2 scrolls labelled GOTRUCADEC.
   411 | D:1      | 411 ||| READING scroll labelled MUVVAISHOYSTRY.
   411 | D:1      | 411 ||| ENCHANTING +0 shortbow.
   412 | D:1      | 412 ||| READING scroll labelled ZOSENI GERIEPN.
   413 | D:1      | 413 ||| READING scroll labelled VAMAUSU DUTIR.
   414 | D:1      | 414 ||| DROPPING scroll of butterflies.
   415 | D:1      | 415 ||| DROPPING scroll of revelation.
   434 | D:2      | Found Bovamo's Weapon Shop.
   438 | D:2      | Reached XP level 2. HP: 14/14 MP: 3/3
   481 | D:2      | 481 ||| SHOPLISTING +3 heavy orcbow (279 gold, have 29).
   481 | D:2      | 481 ||| SHOPLISTING +7 orcbow of Bloody Death {freeze, rF+
                  | Str+2} (714 gold, have 29).
   563 | D:2      | Noticed Jessica
   569 | D:2      | Killed Jessica
   570 | D:2      | Reached XP level 3. HP: 18/18 MP: 4/4
   792 | D:2      | 792 ||| UPGRADING to +1 hat.
   797 | D:2      | 797 ||| READING scroll labelled ZALUX CUCO CEPN.
   798 | D:2      | 798 ||| READING scroll labelled AGIUWK FOBBUE.
   846 | D:3      | Reached skill level 5 in Ranged Weapons
   876 | D:3      | Reached XP level 4. HP: 22/22 MP: 5/5
   911 | D:3      | Noticed Natasha
   913 | D:3      | Killed Natasha
   919 | D:3      | 919 ||| READING scroll of enchant weapon.
   919 | D:3      | 919 ||| ENCHANTING +1 shortbow.
   946 | D:3      | HP: 4/22 [orc priest/divine providence (10)]
   948 | D:3      | Slain by an orc priest

Levels and vault maps discovered:
D:1:      spicycebolla_arrival_clurvy, layout_basic,
          shapermc_ecumenical_altar_acropolis, nrook_loot_triangle
D:2:      layout_rooms, serial_shops, nicolae_shop_bloodbath_and_beyond,
          uniq_jessica
D:3:      layout_rooms, vehumet_altar_wand_db, uniq_natasha

Skill      XL: |  1  2  3 |
---------------+----------+-----
Dodging        | 3 4 |  4.8
Ranged Weapons | 5 |  5.0
Fighting       | |  1.5
Stealth        | |  1.5

Action                     |  1- 3 |  4- 6 || total
---------------------------+-------+-------++-------
   Fire: Shortbow          |    61 |    17 ||    78
    Use: Scroll            |     6 |     1 ||     7
 Armour: Robe              |     2 |     3 ||     5
  Dodge: Dodged            |     8 |    20 ||    28

Table legend:
 A = Non-vault XP
 B = Vault XP
 C = Vault XP percentage of total XP
 D = Non-vault monster count
 E = Vault monster count
 F = Vault count percentage of total count
                 A         B        C        D         E       F
            +---------+---------+-------+---------+---------+-------
      Total |      68 |      72 |  51.4 |      30 |       2 |   6.2
            +---------+---------+-------+---------+---------+-------
        D:1 |       8 |       0 |   0.0 |       5 |       0 |   0.0
        D:2 |      36 |      37 |  50.7 |      19 |       1 |   5.0
        D:3 |      24 |      35 |  59.3 |       6 |       1 |  14.3
            +---------+---------+-------+---------+---------+-------
